 Dungeon Crawl Stone Soup version 0.26-a0-163-g6c8a0bf695 (webtiles) character file.

Game seed: 6835864023159302227

53 Ijustatesigmund the Chopper (level 3, -1/26 HPs)
             Began as an Octopode Gladiator on July 3, 2020.
             Slain by a hippogriff (2 damage)
             ... on level 3 of the Dungeon.
             The game lasted 00:02:44 (2423 turns).

Ijustatesigmund the Chopper (Octopode Gladiator)    Turns: 2423, Time: 00:02:45

Health: -1/26      AC:  2    Str: 13    XL:     3   Next: 87%
Magic:  3/3        EV: 14    Int: 10    God:
Gold:   162        SH:  0    Dex: 14    Spells: 2/2 levels left

rFire    . . .     SeeInvis .   a - +1 war axe
rCold    . . .     Faith    .   (no shield)
rNeg     . . .     Spirit   .   b - +1 hat
rPois    .         Reflect  .   (no amulet)
rElec    .         Harm     .   (no ring)
rCorr    .                      (no ring)
MR       .....                  (no ring)
Stlth    ++........             (no ring)
HPRegen  0.08/turn              (no ring)
MPRegen  0.08/turn              (no ring)
                                (no ring)
                                (no ring)

@: no status effects
A: almost no armour, stealthy swim, amphibious, 8 rings, constrict 8, camouflage
1, gelatinous body 1
a: no special abilities


You were on level 3 of the Dungeon.
You were not hungry.

You visited 1 branch of the dungeon, and saw 3 of its levels.

You collected 162 gold pieces.

Inventory:

Hand Weapons
 a - a +1 war axe (weapon)
Missiles
 c - 2 throwing nets (quivered)
 h - 5 javelins
Armour
 b - a +1 hat (worn)
Jewellery
 m - an uncursed ring of ice
Scrolls
 i - a scroll of remove curse
 l - a scroll of blinking
Potions
 f - 2 potions of curing
 j - a potion of magic
 k - a potion of heal wounds {unknown}
 o - a potion of haste {unknown}
Comestibles
 d - 6 rations
 n - a chunk of flesh


   Skills:
 + Level 3.2 Fighting
 + Level 3.9 Axes
 - Level 2.0 Throwing
 - Level 3.0 Dodging


You had 2 spell levels left.
You didn't know any spells.
Your spell library was empty.

Dungeon Overview and Level Annotations

Branches:
Dungeon (3/15)

Altars:
Uskayaw
Yredelemnul


Innate Abilities, Weirdness & Mutations

You cannot wear most types of armour.
You are very stealthy in the water. (Stealth+)
You are amphibious.
You can wear up to eight rings at the same time.
You can use your tentacles to constrict eight enemies at once.
Your skin changes colour to match your surroundings (Stealth+).
Your rubbery body absorbs attacks. (AC +1, EV +1)


Message History

The hippogriff closely misses you. The hippogriff claws you.
You slash the hippogriff!
The hippogriff is heavily wounded.
The hippogriff closely misses you. The hippogriff pecks you.
The hippogriff closely misses you.
You slash the hippogriff!
The hippogriff is heavily wounded.
The hippogriff closely misses you. The hippogriff pecks you.
The hippogriff barely misses you.
You are too injured to fight recklessly!
You are too injured to fight recklessly!
You hit the hippogriff.
The hippogriff is severely wounded.
The hippogriff misses you. The hippogriff closely misses you.
The hippogriff barely misses you. The hippogriff bites you!
* * * LOW HITPOINT WARNING * * *
The hippogriff pecks you.
* * * LOW HITPOINT WARNING * * *
The hippogriff claws you.
You die...

# ######## # ..#....###
#.#.##.... #.#.######
#.#....... #######
#.########
.......########.########
.......@................
.%....H########.####.###
....... #.# #.# .......
#.# #.## .....?. #.#
#..# ....... #.# ##.#
....... ##########.#
....... #§≈≈≈≈≈≈≈#.#
#≈......≈#.#


You could see a hippogriff.

Vanquished Creatures
  An adder (D:2)
  2 leopard geckos (D:1)
  2 giant cockroaches (D:2)
  7 goblins
  4 hobgoblins
  2 jackals (D:2)
  A kobold (D:1)
  4 ball pythons
  10 bats
  5 frilled lizards
  3 rats
41 creatures vanquished.

Notes
Turn   | Place    | Note
-------+----------+-------------------------------------------
     0 | D:1      | Ijustatesigmund the Octopode Gladiator began the quest for
                  | the Orb.
     0 | D:1      | Reached XP level 1. HP: 14/14 MP: 1/1
   354 | D:1      | Reached XP level 2. HP: 17/20 MP: 2/2
  1269 | D:2      | Reached XP level 3. HP: 16/25 MP: 3/3
  2004 | D:2      | Found a basalt altar of Yredelemnul.
  2021 | D:2      | Found a faded altar of an unknown god.
  2291 | D:2      | Found a hide-covered altar of Uskayaw.
  2410 | D:3      | Noticed a hippogriff
  2423 | D:3      | HP: 1/26 [hippogriff (3)]
  2423 | D:3      | Slain by a hippogriff

Illustrated notes

Levels and vault maps discovered:
D:1:      dpeg_arrival_chambers_temple_mockup, layout_basic
D:2:      layout_basic, lemuel_coloured_pillars_altar,
          chequers_ecumenical_altar_simple, yredelemnul_altar_generic
D:3:      layout_basic, first_ration, kennysheep_generic_room_6, uniq_jessica,
          uniq_natasha, uniq_crazy_yiuf_cottage

Skill      XL: |  1  2  3 |
---------------+----------+-----
Fighting       | 3 |  3.2
Axes           | |  3.9
Throwing       | |  2.0
Dodging        | |  3.0

Action                   || total
-------------------------++-------
Melee: War axe           ||    73
       Constrict         ||    24
       Tentacles         ||     7
Throw: Throwing net      ||     1
  Use: Scroll            ||     9
 Stab: Sleeping          ||     7
  Eat: Chunk             ||     5
Armor: Skin              ||     8
Dodge: Dodged            ||    62

Table legend:
 A = Non-vault XP
 B = Vault XP
 C = Vault XP percentage of total XP
 D = Non-vault monster count
 E = Vault monster count
 F = Vault count percentage of total count
                 A         B        C        D         E       F
            +---------+---------+-------+---------+---------+-------
      Total |      74 |       2 |   2.6 |      40 |       1 |   2.4
            +---------+---------+-------+---------+---------+-------
        D:1 |      29 |       0 |   0.0 |      18 |       0 |   0.0
        D:2 |      43 |       0 |   0.0 |      21 |       0 |   0.0
        D:3 |       2 |       2 |  50.0 |       1 |       1 |  50.0
            +---------+---------+-------+---------+---------+-------
